 Dungeon Crawl Stone Soup version 0.25-a0-156-g0c4bda3fdf (webtiles) character file.

Game seed: 6426949021287056470, levelgen mode: deterministic

46 MisterFreud the Sneak (level 3, 0/14 HPs)
             Began as a Felid Enchanter on Nov 20, 2019.
             Slain by a shadow imp (5 damage)
             ... summoned by Natasha
             ... on level 2 of the Dungeon.
             The game lasted 00:04:02 (2018 turns).

MisterFreud the Sneak (Felid Enchanter)             Turns: 2018, Time: 00:04:03

Health: 0/14       AC:  1    Str:  4    XL:     3   Next: 44%
Magic:  0/7        EV: 18    Int: 17    God:
Gold:   55         SH:  0    Dex: 16    Spells: 3/6 levels left
                                        Lives:  0   Deaths: 1

rFire    . . .     SeeInvis +     - Unarmed
rCold    . . .     Gourm    .   (shield unavailable)
rNeg     . . .     Faith    .   (armour unavailable)
rPois    .         Spirit   .   (helmet unavailable)
rElec    .         Reflect  .   (cloak unavailable)
rCorr    .         Harm     .   (gloves unavailable)
MR       .....                  (boots unavailable)
Stlth    +++.......             (no amulet)
HPRegen  0.04/turn              (no ring)
MPRegen  0.10/turn              (no ring)

@: very slightly contaminated, quick
A: very small, no armour, no weapons or thrown items, stealth, claws 1, fangs 3,
see invisible, carnivore, speed 1, shaggy fur 1, slow metabolism 1, sharp paws
a: no special abilities


You were on level 2 of the Dungeon.
You were very full.

You visited 1 branch of the dungeon, and saw 3 of its levels.

You collected 55 gold pieces.

Inventory:

Scrolls
 a - a scroll of identify {unknown}
 c - 2 scrolls of immolation {unknown}
 d - a scroll of fog {unknown}
Potions
 e - a potion of might {unknown}
Comestibles
 b - 3 rations


   Skills:
 - Level 2.6 Dodging
 + Level 5.3 Stealth
 * Level 3.6 Unarmed Combat
 - Level 2.0 Spellcasting
 - Level 4.4 Hexes


You had 3 spell levels left.
You knew the following spells:

 Your Spells              Type           Power        Failure   Level  Hunger
a - Corona                Hex            ###....      3%          1    #......
b - Ensorcelled Hibernat  Hex/Ice        #.....       12%         2    ###....

Your spell library contained the following spells:

 Spells                   Type           Power        Failure   Level  Hunger
 Confuse                  Hex            ###.....     10%         3    ###....
 Tukima's Dance           Hex            ###.....     10%         3    ###....
 Dazzling Spray           Conj/Hex       #.....       24%         3    ###....


Dungeon Overview and Level Annotations

Branches:
Dungeon (3/15)

Altars:

Annotations:
D:2 Natasha


Innate Abilities, Weirdness & Mutations

You cannot wear armour.
You are incapable of wielding weapons or throwing items.
Your paws allow you to move quietly. (Stealth)
You have sharp claws.
You have razor-sharp teeth.
You have supernaturally acute eyesight. (SInv)
You are carnivorous and can eat meat at any time.
You cover ground quickly.
You are covered in fur. (AC +1)
You have a slow metabolism.
Your sharp claws are effective at attacking unaware monsters.


Message History

Natasha casts a spell.
You scratch Natasha.
Natasha is heavily wounded.
Natasha mumbles some strange words.
You scratch Natasha but do no damage. Your bite misses Natasha.
Natasha is heavily wounded.
The shadow imp completely misses you. Natasha closely misses you.
You closely miss Natasha.
Natasha is heavily wounded.
The crimson imp blinks!
The shadow imp completely misses you. Natasha misses you.
You scratch Natasha.
Natasha is heavily wounded.
The shadow imp hits you.
Natasha stares at you and mumbles some strange words.
The magic dart hits you.
You closely miss Natasha.
Natasha is heavily wounded.
The shadow imp hits you.
You die...

#...... #........#
.......########........#
#......................#
#.......#######........#
###.###..### #........#
.####...# #...[....#
.........# #........#
.......5h## ##########
........5@#####
........#รท....##
...5....#####..###
........# ##...#
........# ##### .......
....... #######


You could see Natasha, 2 crimson imps and a shadow imp.

Vanquished Creatures
  Natasha (twice) (D:2)
  An adder (D:2)
  A worm (D:2)
  A dart slug (D:1)
  3 ball pythons
  A giant cockroach (D:1)
  3 hobgoblins
  A jackal (D:1)
  6 kobolds
  A quokka (D:2)
  3 bats
  8 frilled lizards (D:1)
  3 goblins (D:1)
  5 rats
39 creatures vanquished.

Notes
Turn   | Place    | Note
-------+----------+-------------------------------------------
     0 | D:1      | MisterFreud the Felid Enchanter began the quest for the
                  | Orb.
     0 | D:1      | Reached XP level 1. HP: 7/7 MP: 4/4
   210 | D:1      | Reached XP level 2. HP: 11/11 MP: 6/6
   657 | D:1      | Learned a level 2 spell: Ensorcelled Hibernation
   976 | D:1      | Reached XP level 3. HP: 9/14 MP: 7/7
  1542 | D:2      | Noticed Natasha
  1548 | D:2      | Killed Natasha
  1548 | D:2      | Reached skill level 5 in Stealth
  1672 | D:2      | Reached XP level 4. HP: 13/18 MP: 2/8
  1674 | D:2      | Noticed Natasha
  1836 | D:2      | Killed Natasha
  1947 | D:2      | Noticed Natasha
  1964 | D:2      | Killed from afar by Natasha
  1965 | D:2      | Reached XP level 3. HP: -1/14 MP: 0/7
  2018 | D:2      | Slain by a shadow imp

Levels and vault maps discovered:
D:1:      dpeg_arrival_round_b, layout_basic, minivault_23, minmay_lizard_pond
D:2:      layout_rooms, uniq_natasha
D:3:      layout_rooms, tso_oasis_becter

Skill      XL: |  1  2  3 |
---------------+----------+-----
Unarmed Combat | 2 3 |  3.6
Stealth        | 5 |  5.3
Dodging        | |  2.6
Spellcasting   | |  2.0
Hexes          | |  4.4

Action                   |  1- 3 |  4- 6 || total
-------------------------+-------+-------++-------
Melee: Unarmed           |   105 |    12 ||   117
       Bite              |     8 |     1 ||     9
       Punch             |     1 |       ||     1
 Cast: Ensorcelled Hiber |     9 |     9 ||    18
 Stab: Sleeping          |    12 |     1 ||    13
  Eat: Chunk             |    12 |     1 ||    13
Armor: Skin              |     4 |       ||     4
Dodge: Dodged            |    76 |     8 ||    84

Table legend:
 A = Non-vault XP
 B = Vault XP
 C = Vault XP percentage of total XP
 D = Non-vault monster count
 E = Vault monster count
 F = Vault count percentage of total count
                 A         B        C        D         E       F
            +---------+---------+-------+---------+---------+-------
      Total |      99 |      41 |  29.3 |      32 |       7 |  17.9
            +---------+---------+-------+---------+---------+-------
        D:1 |      37 |       6 |  14.0 |      22 |       6 |  21.4
        D:2 |      62 |      35 |  36.1 |      10 |       1 |   9.1
            +---------+---------+-------+---------+---------+-------
